Carnivores vs Thunder
Created - 12 mars 2017 at 19:04
Goals
|
Carnivores |
2 |
3 |
2 |
7 |
Thunder |
2 |
1 |
0 |
3 |
|
Shots
|
Carnivores |
8 |
16 |
16 |
40 |
Thunder |
22 |
10 |
4 |
36 |
|
1st period
1. Thunder , Jay Beagle 24 (Magnus Paajarvi-Svensson, Tom Pyatt) at 3:03
2. Thunder , Kris Russell 1 (Dany Roussin, Pierre-Alexandre Parenteau) at 15:26 (PP)
3. Carnivores , Lane MacDermid 11 (Colton Orr) at 18:23
4. Carnivores , Colton Orr 16 (Lane MacDermid, Phil Oreskovic) at 19:50
Penalties :
Brendan Gallagher (Bre) for Tripping (Minor) at 3:26, Zack Smith (Bre) for Tripping (Minor) at 8:28, Markus Granlund (Bre) for Charging (Double Minor) at 15:08, Dany Roussin (TRO) for Roughing (Minor) at 15:50
2nd period
5. Carnivores , Chris Lawrence 24 (Anton Gustafsson, Jeremy Welsh) at 3:23
6. Carnivores , Chris Lawrence 25 (Anton Gustafsson) at 8:07 (PP)
7. Carnivores , Blake Geoffrion 38 (Brendan Gallagher) at 9:32
8. Thunder , David Wolf 2 (David Clarkson) at 10:30
Penalties :
Zack Smith (Bre) for Cross-checking (Minor) at 0:22, Josh Manson (TRO) for Hooking (Minor) at 8:02, Mattias Backman (Bre) for Boarding (Minor) at 17:10
3rd period
9. Carnivores , Phil Oreskovic 4 (Blake Geoffrion) at 4:58 (PP)
10. Carnivores , Nate Schmidt 4 (Chris Lawrence, Mat Clark) at 18:14 (PP)
Penalties :
Brett Festerling (TRO) for Hooking (Minor) at 4:56, Casey Pierro-Zabotel (TRO) for Roughing (Double Minor) at 12:59, Evgeny Kuznetsov (TRO) for High sticking (Minor) at 17:44
Goalie Stats
Chad Johnson (Bre), 33 saves from 36 shots - (0,917), W, 24-11-3, 60:00 minutes
Devan Dubnyk (TRO), 20 saves from 23 shots - (0,870), 31:53 minutes
Braden Holtby (TRO), 13 saves from 17 shots - (0,765), L, 7-9-1, 28:07 minutes
Players Stats for Carnivores
Player Name G A P +/- PIM S H SB GA TA FO MP PP MP PK MP
------------------------------------------------------------------------------------
Adam Almquist 0 0 0 0 0 0 0 0 0 0 0/0 10:09 0:21 0:00
Anton Gustafsson 0 2 2 0 0 4 2 1 0 1 13/28 19:39 1:51 4:44
Blake Geoffrion 1 1 2 1 0 7 4 2 0 1 1/1 19:32 2:22 0:00
Brendan Gallagher 0 1 1 1 2 6 1 0 0 0 0/1 21:06 1:58 2:02
Chris Lawrence 2 1 3 0 0 3 3 0 0 0 1/1 14:40 1:50 0:00
Colton Orr 1 1 2 1 0 3 1 1 1 0 0/2 12:58 0:59 2:33
Jeremy Welsh 0 1 1 0 0 2 2 0 0 0 1/1 14:15 1:51 0:00
Lane MacDermid 1 1 2 1 0 4 3 3 0 1 0/3 14:23 0:06 4:40
Mark McNeill 0 0 0 0 0 1 0 0 0 0 0/0 7:06 0:46 0:00
Markus Granlund 0 0 0 1 4 0 2 0 0 0 4/7 11:23 1:06 0:48
Mat Clark 0 1 1 2 0 2 2 1 1 0 0/0 27:50 2:58 5:22
Mattias Backman 0 0 0 1 2 0 0 0 0 1 0/0 16:09 1:56 0:00
Michael Schumacher 0 0 0 0 0 0 2 0 0 0 0/0 7:53 0:00 1:19
Nate Schmidt 1 0 1 1 0 2 0 1 0 1 0/0 30:00 2:49 5:22
Phil Oreskovic 1 1 2 0 0 2 1 1 0 0 0/0 22:02 1:56 3:16
Sasha Pokulok 0 0 0 0 0 0 2 3 0 1 0/0 13:52 0:00 3:16
Tyler Graovac 0 0 0 0 0 1 0 0 0 0 1/4 6:00 0:00 0:00
Zach Jones 0 0 0 0 0 0 0 0 0 0 0/0 0:00 0:00 0:00
Zack Smith 0 0 0 1 4 3 4 0 0 1 20/29 20:45 2:11 1:10
Players Stats for Thunder
Player Name G A P +/- PIM S H SB GA TA FO MP PP MP PK MP
------------------------------------------------------------------------------------
Brett Festerling 0 0 0 0 2 1 1 0 1 0 0/0 19:29 1:23 1:20
Brian Boyle 0 0 0 -1 0 3 3 0 2 0 15/37 23:49 5:06 2:17
Casey Pierro-Zabotel 0 0 0 -1 4 1 0 0 0 0 0/0 5:21 0:00 0:00
Dalton Smith 0 0 0 0 0 0 0 0 0 0 0/1 0:41 0:07 0:13
Dany Roussin 0 1 1 -1 2 1 1 0 0 1 2/4 21:44 5:01 1:39
Daultan Leveillé 0 0 0 1 0 2 0 0 0 0 4/5 10:54 0:00 0:00
David Clarkson 0 1 1 1 0 3 0 0 2 0 1/2 10:54 0:00 0:00
David Fischer 0 0 0 1 0 3 5 3 0 1 0/0 30:51 5:49 2:41
David Wolf 1 0 1 1 0 2 0 1 0 0 0/0 10:54 0:00 0:00
Evgeny Kuznetsov 0 0 0 -1 2 1 0 0 0 0 2/4 7:15 0:00 1:00
Jared Staal 0 0 0 0 0 0 0 0 0 0 0/0 1:26 0:00 1:07
Jay Beagle 1 0 1 -1 0 2 2 1 1 0 1/2 16:54 3:29 0:00
Joe Labate 0 0 0 0 0 0 0 0 0 0 0/0 0:00 0:00 0:00
Joey Ryan 0 0 0 -3 0 0 2 2 0 0 0/0 21:13 2:49 1:39
Josh Manson 0 0 0 -3 2 0 1 0 0 0 0/0 20:01 2:49 1:40
Kelly Zajac 0 0 0 0 0 0 0 0 0 0 0/0 0:38 0:10 0:00
Kris Russell 1 0 1 1 0 5 0 1 0 0 0/0 15:26 4:26 0:16
Magnus Paajarvi-Svensson 0 1 1 -1 0 3 3 1 1 0 0/0 17:37 3:29 0:43
Peter Andersson 0 0 0 0 0 1 0 3 0 0 0/0 11:34 0:00 2:24
Pierre-Alexandre Parente 0 1 1 -1 0 4 2 0 0 0 2/4 23:14 5:02 2:18
Robin Leblanc 0 0 0 -1 0 0 0 1 0 0 0/0 5:22 0:00 0:00
Tom Pyatt 0 1 1 -1 0 4 2 1 0 0 9/18 18:03 3:29 0:43
3 Stars
1 - Chris Lawrence (Bre)
2 - Blake Geoffrion (Bre)
3 - Lane MacDermid (Bre)
Power Play
Carnivores - 3 on 6 Attempt(s) - 50,00%
Thunder - 1 on 6 Attempt(s) - 16,67%
Penalty Kill
Carnivores - 5 on 6 Attempt(s) - 83,33%
- Score 0 goal in Penalty Kill
Thunder - 3 on 6 Attempt(s) - 50,00%
- Score 0 goal in Penalty Kill
Team Stat
Carnivores - Hits : 29 - Faceoff Wins : 41 - Blocked Shots : 13 - Penalty Minutes : 12
Thunder - Hits : 22 - Faceoff Wins : 36 - Blocked Shots : 14 - Penalty Minutes : 12
Official
Referees : Walsh Ian and StLaurent Francois
Linesman : Lonnie Cameron and Steve Barton
Game Notes
Devan Dubnyk enters game at 8:07 of 2nd period
Kris Russell is injured at 9:17 of 2nd period (Left Hip)
Finance
Level 1 -- Attendance: 1313 (65,65%) -- Ticket Income 45 955 $
Level 2 -- Attendance: 720 (72,00%) -- Ticket Income 10 800 $
Total Attendance: 2033 (67,77%)
Total Ticket Income: 56 755 $
Other Income: 2 838 $
Total Income: 59 593 $
Carnivores
5 vs 5 Forward
Center Left Wing Right Wing Time % Phy DF OF
1 Zack Smith Blake Geoffrion Brendan Gallagher 40 1 2 2
2 Anton Gustafsson Jeremy Welsh Chris Lawrence 30 1 2 2
3 Markus Granlund Lane MacDermid Colton Orr 20 1 2 2
4 Tyler Graovac Michael Schumacher Mark McNeill 10 1 2 2
5 vs 5 Defense
Defense Defense Time % Phy DF OF
1 Mat Clark Nate Schmidt 40 1 2 2
2 Mattias Backman Phil Oreskovic 30 1 2 2
3 Adam Almquist Sasha Pokulok 20 1 2 2
4 Phil Oreskovic Nate Schmidt 10 1 2 2
PowerPlay Forward
Center Left Wing Right Wing Time % Phy DF OF
1 Zack Smith Blake Geoffrion Brendan Gallagher 60 1 1 3
2 Anton Gustafsson Jeremy Welsh Chris Lawrence 40 1 1 3
PowerPlay Defense
Defense Defense Time % Phy DF OF
1 Mat Clark Nate Schmidt 60 1 2 2
2 Mattias Backman Phil Oreskovic 40 1 2 2
Penalty Kill 4 Players Forward
Center Wing Time % Phy DF OF
1 Anton Gustafsson Lane MacDermid 60 1 2 2
2 Zack Smith Brendan Gallagher 40 1 2 2
Penalty Kill 4 Players Defense
Defense Defense Time % Phy DF OF
1 Mat Clark Nate Schmidt 60 1 2 2
2 Sasha Pokulok Phil Oreskovic 40 1 2 2
Penalty Kill - 3 Players Forward
Forward Time % Phy DF OF
1 Chris Lawrence 60 1 2 2
2 Zack Smith 40 1 2 2
Penalty Kill - 3 Players Defense
Defense Defense Time % Phy DF OF
1 Mat Clark Nate Schmidt 60 1 2 2
2 Sasha Pokulok Phil Oreskovic 40 1 2 2
4 vs 4 Forward
Center Wing Time % Phy DF OF
1 Zack Smith Blake Geoffrion 60 1 2 2
2 Anton Gustafsson Chris Lawrence 40 1 2 2
4 vs 4 Defense
Defense Defense Time % Phy DF OF
1 Mat Clark Nate Schmidt 60 1 2 2
2 Phil Oreskovic Sasha Pokulok 40 1 2 2
Last Minutes Offensive
Center Left Wing Right Wing Defense Defense
Anton Gustafsson Blake Geoffrion Brendan Gallagher Phil Oreskovic Nate Schmidt
Last Minutes Defensive
Center Left Wing Right Wing Defense Defense
Anton Gustafsson Blake Geoffrion Brendan Gallagher Phil Oreskovic Nate Schmidt
Goaltenders
Starting : Chad Johnson
Backup : Antti Raanta
Extra Forwards
Normal : Markus Granlund, Mark McNeill, Zack Smith - PP : Markus Granlund, Mark McNeill - PK : Colton Orr
Extra Defensemen
Normal : Mat Clark, Mattias Backman, Nate Schmidt - PP : Mat Clark - PK : Nate Schmidt, Mat Clark
Penalty Shots
Blake Geoffrion, Brendan Gallagher, Chris Lawrence, Colton Orr, Zack Smith
Thunder
5 vs 5 Forward
Center Left Wing Right Wing Time % Phy DF OF
1 Brian Boyle Dany Roussin Pierre-Alexandre Parentea40 1 2 2
2 Tom Pyatt Magnus Paajarvi-Svensson Jay Beagle 30 1 2 2
3 Daultan Leveillé David Wolf David Clarkson 20 1 2 2
4 Evgeny Kuznetsov Casey Pierro-Zabotel Robin Leblanc 10 1 2 2
5 vs 5 Defense
Defense Defense Time % Phy DF OF
1 Kris Russell David Fischer 40 1 2 2
2 Joey Ryan Josh Manson 30 1 2 2
3 Brett Festerling Peter Andersson 20 1 2 2
4 Kris Russell David Fischer 10 1 2 2
PowerPlay Forward
Center Left Wing Right Wing Time % Phy DF OF
1 Brian Boyle Dany Roussin Pierre-Alexandre Parentea60 1 2 2
2 Tom Pyatt Magnus Paajarvi-Svensson Jay Beagle 40 1 2 2
PowerPlay Defense
Defense Defense Time % Phy DF OF
1 Kris Russell David Fischer 60 1 2 2
2 Joey Ryan Josh Manson 40 1 2 2
Penalty Kill 4 Players Forward
Center Wing Time % Phy DF OF
1 Brian Boyle Pierre-Alexandre Parentea60 1 2 2
2 Dany Roussin Tom Pyatt 40 1 2 2
Penalty Kill 4 Players Defense
Defense Defense Time % Phy DF OF
1 Kris Russell David Fischer 60 1 2 2
2 Joey Ryan Josh Manson 40 1 2 2
Penalty Kill - 3 Players Forward
Forward Time % Phy DF OF
1 Brian Boyle 60 1 2 2
2 Pierre-Alexandre Parentea 40 1 2 2
Penalty Kill - 3 Players Defense
Defense Defense Time % Phy DF OF
1 Kris Russell David Fischer 60 1 2 2
2 Joey Ryan Josh Manson 40 1 2 2
4 vs 4 Forward
Center Wing Time % Phy DF OF
1 Brian Boyle Pierre-Alexandre Parentea60 1 2 2
2 Dany Roussin Tom Pyatt 40 1 2 2
4 vs 4 Defense
Defense Defense Time % Phy DF OF
1 Kris Russell David Fischer 60 1 2 2
2 Joey Ryan Josh Manson 40 1 2 2
Last Minutes Offensive
Center Left Wing Right Wing Defense Defense
Brian Boyle Dany Roussin Pierre-Alexandre ParenteaKris Russell David Fischer
Last Minutes Defensive
Center Left Wing Right Wing Defense Defense
Brian Boyle Dany Roussin Pierre-Alexandre ParenteaKris Russell David Fischer
Goaltenders
Starting : Braden Holtby
Backup : Devan Dubnyk
Extra Forwards
Normal : Kelly Zajac, Dalton Smith, Jared Staal - PP : Kelly Zajac, Dalton Smith - PK : Jared Staal
Extra Defensemen
Normal : Brett Festerling, Peter Andersson, Joey Ryan - PP : Brett Festerling - PK : Peter Andersson, Joey Ryan
Penalty Shots
Brian Boyle, Pierre-Alexandre Parenteau, Dany Roussin, Tom Pyatt, Jay Beagle
% Time on Ice - Carnivores
Lines # - Real PCT - Wanted PCT - Time Play
Normal Forward
1 - 38% - 40% - 17:01
2 - 28% - 30% - 12:34
3 - 21% - 20% - 9:12
4 - 13% - 10% - 6:00
Normal Defense
1 - 42% - 40% - 18:46
2 - 31% - 30% - 13:57
3 - 22% - 20% - 9:56
4 - 5% - 10% - 2:08
PP Forward
1 - 56% - 60% - 2:48
2 - 44% - 40% - 2:12
PP Defense
1 - 61% - 60% - 3:04
2 - 39% - 40% - 1:56
PK Forward
1 - 68% - 60% - 5:51
2 - 32% - 40% - 2:47
PK Defense
1 - 62% - 60% - 5:22
2 - 38% - 40% - 3:16
PK3 Forward
1 - 0% - 60%
2 - 0% - 40%
PK3 Defense
1 - 0% - 60%
2 - 0% - 40%
44 Forward
1 - 73% - 60% - 1:09
2 - 27% - 40% - 0:26
44 Defense
1 - 58% - 60% - 0:55
2 - 42% - 40% - 0:40
Last Minute Offensive - 0:00
Last Minute Defensive - 0:00
Total
Forward - 60:00
Defense - 60:00
|
% Time on Ice - Thunder
Lines # - Real PCT - Wanted PCT - Time Play
Normal Forward
1 - 34% - 40% - 15:06
2 - 30% - 30% - 13:25
3 - 24% - 20% - 10:54
4 - 12% - 10% - 5:22
Normal Defense
1 - 43% - 40% - 19:20
2 - 32% - 30% - 14:28
3 - 19% - 20% - 8:19
4 - 6% - 10% - 2:40
PP Forward
1 - 60% - 60% - 5:09
2 - 40% - 40% - 3:29
PP Defense
1 - 67% - 60% - 5:49
2 - 33% - 40% - 2:49
PK Forward
1 - 86% - 60% - 4:17
2 - 14% - 40% - 0:43
PK Defense
1 - 86% - 60% - 4:19
2 - 14% - 40% - 0:41
PK3 Forward
1 - 0% - 60%
2 - 0% - 40%
PK3 Defense
1 - 0% - 60%
2 - 0% - 40%
44 Forward
1 - 73% - 60% - 1:09
2 - 27% - 40% - 0:26
44 Defense
1 - 62% - 60% - 0:59
2 - 38% - 40% - 0:36
Last Minute Offensive - 0:00
Last Minute Defensive - 0:00
Total
Forward - 60:00
Defense - 60:00
|
Play by Play
1st period
0:01 of 1st period - Zack Smith wins face-off versus Brian Boyle in neutral zone.
0:06 of 1st period - Slapshot by Blake Geoffrion.
0:06 of 1st period - Deflect By Kris Russell.
0:06 of 1st period - Shot Hit the Post.
0:06 of 1st period - Puck is out of play.
0:07 of 1st period - Zack Smith wins face-off versus Brian Boyle in Thunder zone.
0:16 of 1st period - Snap shot by Brian Boyle.
0:16 of 1st period - Stopped by Chad Johnson with a rebound.
0:18 of 1st period - Backhand shot by Kris Russell.
0:18 of 1st period - Shot Blocked by Blake Geoffrion.
0:20 of 1st period - Wrist shot by David Fischer.
0:20 of 1st period - Shot Misses the Net.
0:22 of 1st period - Snap shot by Pierre-Alexandre Parenteau.
0:22 of 1st period - Shot Misses the Net.
0:32 of 1st period - Snap shot by David Clarkson.
0:32 of 1st period - Shot Misses the Net.
0:34 of 1st period - Slapshot by David Fischer.
0:34 of 1st period - Shot Blocked by Nate Schmidt.
0:55 of 1st period - Icing by Jeremy Welsh.
0:56 of 1st period - Tom Pyatt wins face-off versus Anton Gustafsson in Carnivores zone.
1:25 of 1st period - Wrist shot by Magnus Paajarvi-Svensson.
1:25 of 1st period - Stopped by Chad Johnson with a rebound.
1:27 of 1st period - Snap shot by Tom Pyatt.
1:27 of 1st period - Shot Blocked by Mat Clark.
1:29 of 1st period - Wrist shot by Tom Pyatt.
1:29 of 1st period - Stopped by Chad Johnson with a rebound.
1:33 of 1st period - Snap shot by Tom Pyatt.
1:33 of 1st period - Deflect By Chris Lawrence.
1:33 of 1st period - Stopped by Chad Johnson with a rebound.
1:35 of 1st period - Wrist shot by Jay Beagle.
1:35 of 1st period - Deflect By Tom Pyatt.
1:35 of 1st period - Stopped by Chad Johnson without a rebound.
1:36 of 1st period - Markus Granlund wins face-off versus Brian Boyle in Carnivores zone.
2:01 of 1st period - Phil Oreskovic is hit by Brett Festerling and loses puck.
2:12 of 1st period - Snap shot by Evgeny Kuznetsov.
2:12 of 1st period - Stopped by Chad Johnson without a rebound.
2:13 of 1st period - Markus Granlund wins face-off versus David Clarkson in Carnivores zone.
2:18 of 1st period - Snap shot by Lane MacDermid.
2:18 of 1st period - Shot Misses the Net.
2:38 of 1st period - David Fischer is hit by Blake Geoffrion and loses puck.
2:59 of 1st period - Wrist shot by Magnus Paajarvi-Svensson.
2:59 of 1st period - Stopped by Chad Johnson without a rebound.
3:00 of 1st period - Tom Pyatt wins face-off versus Anton Gustafsson in Carnivores zone.
3:01 of 1st period - Snap shot by Magnus Paajarvi-Svensson.
3:01 of 1st period - Stopped by Chad Johnson with a rebound.
3:03 of 1st period - Slapshot by Jay Beagle.
3:03 of 1st period - Goal by Jay Beagle - Carnivores : 0 - Thunder : 1.
3:04 of 1st period - Pierre-Alexandre Parenteau wins face-off versus Zack Smith in neutral zone.
3:12 of 1st period - Snap shot by Pierre-Alexandre Parenteau.
3:12 of 1st period - Shot Misses the Net.
3:26 of 1st period - Minor Penalty to Brendan Gallagher for Tripping.
3:27 of 1st period - Brian Boyle wins face-off versus Anton Gustafsson in Carnivores zone.
3:32 of 1st period - Wrist shot by Pierre-Alexandre Parenteau.
3:32 of 1st period - Stopped by Chad Johnson with a rebound.
3:36 of 1st period - Wrist shot by Pierre-Alexandre Parenteau.
3:36 of 1st period - Shot Misses the Net.
3:38 of 1st period - Snap shot by Kris Russell.
3:38 of 1st period - Shot Misses the Net.
3:40 of 1st period - Slapshot by Kris Russell.
3:40 of 1st period - Stopped by Chad Johnson with a rebound.
5:26 of 1st period - Penalty to Brendan Gallagher is over, Brendan Gallagher is back on ice.
5:39 of 1st period - Daultan Leveillé is hit by Anton Gustafsson and loses puck.
5:46 of 1st period - Snap shot by Anton Gustafsson.
5:46 of 1st period - Shot Misses the Net.
5:48 of 1st period - Slapshot by Nate Schmidt.
5:48 of 1st period - Shot Misses the Net.
5:56 of 1st period - Wrist shot by Brendan Gallagher.
5:56 of 1st period - Stopped by Braden Holtby without a rebound.
5:57 of 1st period - Markus Granlund wins face-off versus Evgeny Kuznetsov in Thunder zone.
6:02 of 1st period - Snap shot by Lane MacDermid.
6:02 of 1st period - Shot Misses the Net.
6:04 of 1st period - Slapshot by Phil Oreskovic.
6:04 of 1st period - Shot Blocked by David Fischer.
6:06 of 1st period - Wrist shot by Colton Orr.
6:06 of 1st period - Shot Blocked by Kris Russell.
6:08 of 1st period - Snap shot by Phil Oreskovic.
6:08 of 1st period - Shot Misses the Net.
6:10 of 1st period - Wrist shot by Phil Oreskovic.
6:10 of 1st period - Shot Blocked by Robin Leblanc.
6:22 of 1st period - Phil Oreskovic is hit by David Fischer and loses puck.
6:41 of 1st period - Slapshot by Brian Boyle.
6:41 of 1st period - Shot Misses the Net.
7:01 of 1st period - Snap shot by David Clarkson.
7:01 of 1st period - Stopped by Chad Johnson with a rebound.
7:05 of 1st period - Snap shot by David Clarkson.
7:05 of 1st period - Stopped by Chad Johnson without a rebound.
7:06 of 1st period - Zack Smith wins face-off versus Tom Pyatt in Carnivores zone.
7:06 of 1st period - Zack Smith is hit by Jay Beagle.
7:20 of 1st period - Snap shot by Tom Pyatt.
7:20 of 1st period - Shot Blocked by Blake Geoffrion.
7:22 of 1st period - Snap shot by David Fischer.
7:22 of 1st period - Shot Misses the Net.
7:32 of 1st period - Dany Roussin is hit by Jeremy Welsh and loses puck.
8:00 of 1st period - Slapshot by Brian Boyle.
8:00 of 1st period - Deflect By Pierre-Alexandre Parenteau.
8:00 of 1st period - Stopped by Chad Johnson without a rebound.
8:01 of 1st period - Tom Pyatt wins face-off versus Anton Gustafsson in Carnivores zone.
8:02 of 1st period - Wrist shot by Jay Beagle.
8:02 of 1st period - Shot Misses the Net.
8:28 of 1st period - Minor Penalty to Zack Smith for Tripping.
8:29 of 1st period - Anton Gustafsson wins face-off versus Brian Boyle in Carnivores zone.
8:38 of 1st period - Nate Schmidt is hit by David Fischer and loses puck.
10:28 of 1st period - Penalty to Zack Smith is over, Zack Smith is back on ice.
10:55 of 1st period - Robin Leblanc is hit by Zack Smith.
11:01 of 1st period - Icing by Robin Leblanc.
11:02 of 1st period - Evgeny Kuznetsov wins face-off versus Colton Orr in Thunder zone.
11:02 of 1st period - Evgeny Kuznetsov is hit by Markus Granlund.
11:16 of 1st period - Snap shot by Robin Leblanc.
11:16 of 1st period - Shot Blocked by Colton Orr.
11:18 of 1st period - Slapshot by Brett Festerling.
11:18 of 1st period - Stopped by Chad Johnson with a rebound.
11:20 of 1st period - Wrist shot by Robin Leblanc.
11:20 of 1st period - Shot Blocked by Lane MacDermid.
11:24 of 1st period - Snap shot by Casey Pierro-Zabotel.
11:24 of 1st period - Stopped by Chad Johnson without a rebound.
11:25 of 1st period - Chris Lawrence wins face-off versus Brian Boyle in Carnivores zone.
11:34 of 1st period - Wrist shot by Jeremy Welsh.
11:34 of 1st period - Shot Misses the Net.
11:40 of 1st period - Wrist shot by Dany Roussin.
11:40 of 1st period - Shot Misses the Net.
12:17 of 1st period - Snap shot by Colton Orr.
12:17 of 1st period - Shot Misses the Net.
12:19 of 1st period - Snap shot by Lane MacDermid.
12:19 of 1st period - Stopped by Braden Holtby with a rebound.
12:29 of 1st period - Robin Leblanc is hit by Michael Schumacher and loses puck.
12:56 of 1st period - Anton Gustafsson is hit by Brian Boyle and loses puck.
13:15 of 1st period - Joey Ryan is hit by Sasha Pokulok and loses puck.
13:22 of 1st period - Wrist shot by Blake Geoffrion.
13:22 of 1st period - Shot Misses the Net.
13:24 of 1st period - Wrist shot by Brendan Gallagher.
13:24 of 1st period - Deflect By Zack Smith.
13:24 of 1st period - Shot Misses the Net.
13:24 of 1st period - Puck is out of play.
13:25 of 1st period - Daultan Leveillé wins face-off versus Colton Orr in Thunder zone.
14:04 of 1st period - Slapshot by Zack Smith.
14:04 of 1st period - Stopped by Braden Holtby without a rebound.
14:05 of 1st period - Tom Pyatt wins face-off versus Anton Gustafsson in Thunder zone.
14:30 of 1st period - Dany Roussin is hit by Blake Geoffrion and loses puck.
14:41 of 1st period - Snap shot by Brendan Gallagher.
14:41 of 1st period - Shot Misses the Net.
14:59 of 1st period - Colton Orr is hit by David Fischer and loses puck.
15:08 of 1st period - Double Minor Penalty to Markus Granlund for Charging.
15:09 of 1st period - Brian Boyle wins face-off versus Anton Gustafsson in Carnivores zone.
15:12 of 1st period - Wrist shot by Dany Roussin.
15:12 of 1st period - Shot Blocked by Lane MacDermid.
15:14 of 1st period - Slapshot by David Fischer.
15:14 of 1st period - Shot Blocked by Anton Gustafsson.
15:16 of 1st period - Wrist shot by Brian Boyle.
15:16 of 1st period - Shot Blocked by Lane MacDermid.
15:18 of 1st period - Slapshot by Pierre-Alexandre Parenteau.
15:18 of 1st period - Shot Misses the Net.
15:20 of 1st period - Slapshot by David Fischer.
15:20 of 1st period - Stopped by Chad Johnson without a rebound.
15:21 of 1st period - Brian Boyle wins face-off versus Anton Gustafsson in Carnivores zone.
15:24 of 1st period - Wrist shot by Dany Roussin.
15:24 of 1st period - Shot Misses the Net.
15:26 of 1st period - Slapshot by Kris Russell.
15:26 of 1st period - Goal by Kris Russell - Carnivores : 0 - Thunder : 2.
15:27 of 1st period - Anton Gustafsson wins face-off versus Brian Boyle in neutral zone.
15:38 of 1st period - Snap shot by Anton Gustafsson.
15:38 of 1st period - Stopped by Braden Holtby without a rebound.
15:39 of 1st period - Brian Boyle wins face-off versus Anton Gustafsson in Thunder zone.
15:44 of 1st period - Slapshot by Pierre-Alexandre Parenteau.
15:44 of 1st period - Shot Hit the Post.
15:50 of 1st period - Minor Penalty to Dany Roussin for Roughing.
15:51 of 1st period - Brian Boyle wins face-off versus Zack Smith in Thunder zone.
16:33 of 1st period - Chris Lawrence is hit by Tom Pyatt and loses puck.
16:38 of 1st period - Snap shot by Tom Pyatt.
16:38 of 1st period - Stopped by Chad Johnson with a rebound.
16:40 of 1st period - Snap shot by Kris Russell.
16:40 of 1st period - Stopped by Chad Johnson with a rebound.
17:17 of 1st period - Slapshot by Lane MacDermid.
17:17 of 1st period - Deflect By Mark McNeill.
17:17 of 1st period - Stopped by Braden Holtby with a rebound.
17:24 of 1st period - Icing by Josh Manson.
17:25 of 1st period - Zack Smith wins face-off versus Dalton Smith in Thunder zone.
17:26 of 1st period - Penalty to Markus Granlund is over, Markus Granlund is back on ice.
17:30 of 1st period - Wrist shot by Zack Smith.
17:30 of 1st period - Shot Blocked by Joey Ryan.
17:38 of 1st period - Wrist shot by Blake Geoffrion.
17:38 of 1st period - Deflect By Zack Smith.
17:38 of 1st period - Shot Misses the Net.
17:38 of 1st period - Puck is out of play.
17:39 of 1st period - Anton Gustafsson wins face-off versus Brian Boyle in Thunder zone.
17:50 of 1st period - Penalty to Dany Roussin is over, Dany Roussin is back on ice.
18:05 of 1st period - Snap shot by Pierre-Alexandre Parenteau.
18:05 of 1st period - Shot Misses the Net.
18:07 of 1st period - Slapshot by David Fischer.
18:07 of 1st period - Deflect By Phil Oreskovic.
18:07 of 1st period - Stopped by Chad Johnson without a rebound.
18:08 of 1st period - Tom Pyatt wins face-off versus Markus Granlund in Carnivores zone.
18:11 of 1st period - Wrist shot by Jay Beagle.
18:11 of 1st period - Shot Misses the Net.
18:21 of 1st period - Snap shot by Colton Orr.
18:21 of 1st period - Stopped by Braden Holtby with a rebound.
18:23 of 1st period - Slapshot by Lane MacDermid.
18:23 of 1st period - Goal by Lane MacDermid - Carnivores : 1 - Thunder : 2.
18:24 of 1st period - Zack Smith wins face-off versus Dany Roussin in neutral zone.
18:39 of 1st period - Wrist shot by Dany Roussin.
18:39 of 1st period - Stopped by Chad Johnson without a rebound.
18:40 of 1st period - Tom Pyatt wins face-off versus Anton Gustafsson in Carnivores zone.
19:24 of 1st period - Wrist shot by Phil Oreskovic.
19:24 of 1st period - Shot Misses the Net.
19:30 of 1st period - Kris Russell is hit by Michael Schumacher and loses puck.
19:50 of 1st period - Slapshot by Lane MacDermid.
19:50 of 1st period - Deflect By Colton Orr.
19:50 of 1st period - Goal by Colton Orr - Carnivores : 2 - Thunder : 2.
19:51 of 1st period - Brian Boyle wins face-off versus Zack Smith in neutral zone.
Goals for this period are 2 for Carnivores vs 2 for Thunder.
Shots for this period are 8 for Carnivores vs 22 for Thunder.
2nd period
0:01 of 2nd period - Pierre-Alexandre Parenteau wins face-off versus Brendan Gallagher in neutral zone.
0:22 of 2nd period - Minor Penalty to Zack Smith for Cross-checking.
0:23 of 2nd period - Brian Boyle wins face-off versus Anton Gustafsson in Carnivores zone.
0:26 of 2nd period - Snap shot by Pierre-Alexandre Parenteau.
0:26 of 2nd period - Stopped by Chad Johnson without a rebound.
0:27 of 2nd period - Anton Gustafsson wins face-off versus Brian Boyle in Carnivores zone.
2:13 of 2nd period - Nate Schmidt is hit by Tom Pyatt.
2:22 of 2nd period - Penalty to Zack Smith is over, Zack Smith is back on ice.
2:27 of 2nd period - Wrist shot by Zack Smith.
2:27 of 2nd period - Shot Blocked by David Fischer.
2:29 of 2nd period - Wrist shot by Colton Orr.
2:29 of 2nd period - Shot Misses the Net.
2:31 of 2nd period - Slapshot by Mat Clark.
2:31 of 2nd period - Stopped by Braden Holtby without a rebound.
2:32 of 2nd period - Tyler Graovac wins face-off versus Daultan Leveillé in Thunder zone.
2:45 of 2nd period - Wrist shot by Phil Oreskovic.
2:45 of 2nd period - Deflect By Tyler Graovac.
2:45 of 2nd period - Stopped by Braden Holtby with a rebound.
2:47 of 2nd period - Snap shot by Phil Oreskovic.
2:47 of 2nd period - Stopped by Braden Holtby without a rebound.
2:48 of 2nd period - Jeremy Welsh wins face-off versus Tom Pyatt in Thunder zone.
2:49 of 2nd period - Snap shot by Chris Lawrence.
2:49 of 2nd period - Stopped by Braden Holtby with a rebound.
2:51 of 2nd period - Snap shot by Chris Lawrence.
2:51 of 2nd period - Shot Blocked by Tom Pyatt.
2:53 of 2nd period - Snap shot by Jeremy Welsh.
2:53 of 2nd period - Stopped by Braden Holtby without a rebound.
2:54 of 2nd period - Anton Gustafsson wins face-off versus Tom Pyatt in Thunder zone.
3:12 of 2nd period - Tom Pyatt is hit by Chris Lawrence and loses puck.
3:17 of 2nd period - Snap shot by Anton Gustafsson.
3:17 of 2nd period - Shot Misses the Net.
3:19 of 2nd period - Snap shot by Jeremy Welsh.
3:19 of 2nd period - Stopped by Braden Holtby with a rebound.
3:21 of 2nd period - Snap shot by Anton Gustafsson.
3:21 of 2nd period - Shot Misses the Net.
3:23 of 2nd period - Wrist shot by Chris Lawrence.
3:23 of 2nd period - Goal by Chris Lawrence - Carnivores : 3 - Thunder : 2.
3:24 of 2nd period - Zack Smith wins face-off versus Brian Boyle in neutral zone.
3:53 of 2nd period - Backhand shot by Kris Russell.
3:53 of 2nd period - Deflect By Anton Gustafsson.
3:53 of 2nd period - Stopped by Chad Johnson with a rebound.
4:40 of 2nd period - Wrist shot by Tyler Graovac.
4:40 of 2nd period - Shot Hit the Post.
5:15 of 2nd period - Mat Clark is hit by Brian Boyle and loses puck.
5:36 of 2nd period - Wrist shot by Jay Beagle.
5:36 of 2nd period - Deflect By Phil Oreskovic.
5:36 of 2nd period - Shot Misses the Net.
5:36 of 2nd period - Puck is out of play.
5:37 of 2nd period - Zack Smith wins face-off versus Jay Beagle in Carnivores zone.
6:15 of 2nd period - Wrist shot by Anton Gustafsson.
6:15 of 2nd period - Stopped by Braden Holtby with a rebound.
6:17 of 2nd period - Snap shot by Anton Gustafsson.
6:17 of 2nd period - Shot Blocked by David Fischer.
6:35 of 2nd period - Snap shot by David Clarkson.
6:35 of 2nd period - Stopped by Chad Johnson without a rebound.
6:36 of 2nd period - Tom Pyatt wins face-off versus Zack Smith in Carnivores zone.
6:43 of 2nd period - Wrist shot by Magnus Paajarvi-Svensson.
6:43 of 2nd period - Deflect By Jay Beagle.
6:43 of 2nd period - Stopped by Chad Johnson without a rebound.
6:44 of 2nd period - Zack Smith wins face-off versus Tom Pyatt in Carnivores zone.
6:44 of 2nd period - Zack Smith is hit by Josh Manson.
7:36 of 2nd period - Zack Smith is hit by Magnus Paajarvi-Svensson and loses puck.
8:02 of 2nd period - Minor Penalty to Josh Manson for Hooking.
8:03 of 2nd period - Anton Gustafsson wins face-off versus Brian Boyle in Thunder zone.
8:07 of 2nd period - Snap shot by Chris Lawrence.
8:07 of 2nd period - Goal by Chris Lawrence - Carnivores : 4 - Thunder : 2.
8:07 of 2nd period - Devan Dubnyk enters game.
8:08 of 2nd period - Dany Roussin wins face-off versus Anton Gustafsson in neutral zone.
8:15 of 2nd period - Wrist shot by Brian Boyle.
8:15 of 2nd period - Shot Misses the Net.
8:17 of 2nd period - Wrist shot by Pierre-Alexandre Parenteau.
8:17 of 2nd period - Deflect By Brian Boyle.
8:17 of 2nd period - Stopped by Chad Johnson with a rebound.
8:19 of 2nd period - Snap shot by Pierre-Alexandre Parenteau.
8:19 of 2nd period - Shot Misses the Net.
8:21 of 2nd period - Slapshot by Kris Russell.
8:21 of 2nd period - Stopped by Chad Johnson without a rebound.
8:22 of 2nd period - Anton Gustafsson wins face-off versus Brian Boyle in Carnivores zone.
8:47 of 2nd period - Magnus Paajarvi-Svensson is hit by Zack Smith and loses puck.
9:16 of 2nd period - Kris Russell is hit by Lane MacDermid and loses puck.
9:17 of 2nd period - Kris Russell from Thunder is injured at 9:17 of 2nd period (Left Hip).
9:18 of 2nd period - Zack Smith wins face-off versus Brian Boyle in Thunder zone.
9:21 of 2nd period - Snap shot by Zack Smith.
9:21 of 2nd period - Stopped by Devan Dubnyk without a rebound.
9:22 of 2nd period - Brian Boyle wins face-off versus Zack Smith in Thunder zone.
9:22 of 2nd period - Brian Boyle is hit by Brendan Gallagher.
9:32 of 2nd period - Slapshot by Blake Geoffrion.
9:32 of 2nd period - Goal by Blake Geoffrion - Carnivores : 5 - Thunder : 2.
9:33 of 2nd period - Dany Roussin wins face-off versus Zack Smith in neutral zone.
10:04 of 2nd period - Snap shot by Anton Gustafsson.
10:04 of 2nd period - Stopped by Devan Dubnyk with a rebound.
10:30 of 2nd period - Slapshot by David Wolf.
10:30 of 2nd period - Goal by David Wolf - Carnivores : 5 - Thunder : 3.
10:31 of 2nd period - Brian Boyle wins face-off versus Zack Smith in neutral zone.
10:57 of 2nd period - Joey Ryan is hit by Anton Gustafsson and loses puck.
11:08 of 2nd period - Snap shot by Anton Gustafsson.
11:08 of 2nd period - Deflect By Chris Lawrence.
11:08 of 2nd period - Shot Blocked by Jay Beagle.
11:08 of 2nd period - Puck is out of play.
11:09 of 2nd period - Markus Granlund wins face-off versus Pierre-Alexandre Parenteau in Thunder zone.
11:27 of 2nd period - Brett Festerling is hit by Lane MacDermid and loses puck.
11:42 of 2nd period - Wrist shot by Chris Lawrence.
11:42 of 2nd period - Shot Misses the Net.
11:44 of 2nd period - Snap shot by Anton Gustafsson.
11:44 of 2nd period - Stopped by Devan Dubnyk without a rebound.
11:45 of 2nd period - Tom Pyatt wins face-off versus Anton Gustafsson in Thunder zone.
11:55 of 2nd period - Icing by Tom Pyatt.
11:56 of 2nd period - Zack Smith wins face-off versus Tom Pyatt in Thunder zone.
11:59 of 2nd period - Snap shot by Zack Smith.
11:59 of 2nd period - Stopped by Devan Dubnyk with a rebound.
12:01 of 2nd period - Slapshot by Mat Clark.
12:01 of 2nd period - Shot Blocked by Magnus Paajarvi-Svensson.
12:03 of 2nd period - Snap shot by Brendan Gallagher.
12:03 of 2nd period - Stopped by Devan Dubnyk without a rebound.
12:04 of 2nd period - Zack Smith wins face-off versus Brian Boyle in Thunder zone.
12:49 of 2nd period - Icing by Zack Smith.
12:50 of 2nd period - Zack Smith wins face-off versus Tom Pyatt in Carnivores zone.
13:02 of 2nd period - Chris Lawrence is hit by Magnus Paajarvi-Svensson and loses puck.
13:41 of 2nd period - Slapshot by Mat Clark.
13:41 of 2nd period - Stopped by Devan Dubnyk without a rebound.
13:42 of 2nd period - Tom Pyatt wins face-off versus Tyler Graovac in Thunder zone.
13:42 of 2nd period - Tom Pyatt is hit by Phil Oreskovic.
14:08 of 2nd period - Pierre-Alexandre Parenteau is hit by Blake Geoffrion and loses puck.
14:39 of 2nd period - Off-side.
14:40 of 2nd period - Jay Beagle wins face-off versus Anton Gustafsson in neutral zone.
15:07 of 2nd period - Nate Schmidt is hit by Joey Ryan and loses puck.
15:13 of 2nd period - Phil Oreskovic is hit by Joey Ryan and loses puck.
15:32 of 2nd period - David Clarkson is hit by Lane MacDermid and loses puck.
15:43 of 2nd period - Wrist shot by Lane MacDermid.
15:43 of 2nd period - Shot Misses the Net.
16:37 of 2nd period - Nate Schmidt is hit by David Fischer and loses puck.
17:00 of 2nd period - Wrist shot by David Wolf.
17:00 of 2nd period - Shot Blocked by Phil Oreskovic.
17:02 of 2nd period - Snap shot by Daultan Leveillé.
17:02 of 2nd period - Shot Misses the Net.
17:10 of 2nd period - Minor Penalty to Mattias Backman for Boarding.
17:11 of 2nd period - Brian Boyle wins face-off versus Lane MacDermid in Carnivores zone.
17:14 of 2nd period - Slapshot by Dany Roussin.
17:14 of 2nd period - Shot Misses the Net.
17:16 of 2nd period - Wrist shot by Brian Boyle.
17:16 of 2nd period - Stopped by Chad Johnson with a rebound.
17:18 of 2nd period - Slapshot by Pierre-Alexandre Parenteau.
17:18 of 2nd period - Stopped by Chad Johnson without a rebound.
17:19 of 2nd period - Brian Boyle wins face-off versus Lane MacDermid in Carnivores zone.
17:22 of 2nd period - Wrist shot by Dany Roussin.
17:22 of 2nd period - Shot Blocked by Sasha Pokulok.
17:24 of 2nd period - Snap shot by David Fischer.
17:24 of 2nd period - Stopped by Chad Johnson without a rebound.
17:25 of 2nd period - Anton Gustafsson wins face-off versus Brian Boyle in Carnivores zone.
18:52 of 2nd period - Brett Festerling is hit by Colton Orr and loses puck.
18:59 of 2nd period - Colton Orr is hit by Pierre-Alexandre Parenteau and loses puck.
19:10 of 2nd period - Penalty to Mattias Backman is over, Mattias Backman is back on ice.
19:31 of 2nd period - Icing by David Clarkson.
19:32 of 2nd period - Anton Gustafsson wins face-off versus Evgeny Kuznetsov in Thunder zone.
Goals for this period are 3 for Carnivores vs 1 for Thunder.
Shots for this period are 16 for Carnivores vs 10 for Thunder.
3rd period
0:01 of 3rd period - Anton Gustafsson wins face-off versus Brian Boyle in neutral zone.
0:18 of 3rd period - Icing by Dany Roussin.
0:19 of 3rd period - Brian Boyle wins face-off versus Zack Smith in Thunder zone.
0:28 of 3rd period - Snap shot by Brendan Gallagher.
0:28 of 3rd period - Shot Misses the Net.
0:30 of 3rd period - Snap shot by Blake Geoffrion.
0:30 of 3rd period - Stopped by Devan Dubnyk without a rebound.
0:31 of 3rd period - Zack Smith wins face-off versus Tom Pyatt in Thunder zone.
0:36 of 3rd period - Slapshot by Blake Geoffrion.
0:36 of 3rd period - Stopped by Devan Dubnyk with a rebound.
1:19 of 3rd period - Icing by Pierre-Alexandre Parenteau.
1:20 of 3rd period - David Clarkson wins face-off versus Markus Granlund in Thunder zone.
1:33 of 3rd period - Wrist shot by Lane MacDermid.
1:33 of 3rd period - Stopped by Devan Dubnyk with a rebound.
1:35 of 3rd period - Wrist shot by Lane MacDermid.
1:35 of 3rd period - Stopped by Devan Dubnyk without a rebound.
1:36 of 3rd period - Zack Smith wins face-off versus Brian Boyle in Thunder zone.
1:47 of 3rd period - Brett Festerling is hit by Zack Smith and loses puck.
2:29 of 3rd period - Off-side.
2:30 of 3rd period - Zack Smith wins face-off versus Brian Boyle in neutral zone.
2:40 of 3rd period - Snap shot by Pierre-Alexandre Parenteau.
2:40 of 3rd period - Shot Misses the Net.
2:42 of 3rd period - Slapshot by Brett Festerling.
2:42 of 3rd period - Shot Blocked by Sasha Pokulok.
2:44 of 3rd period - Snap shot by Dany Roussin.
2:44 of 3rd period - Shot Misses the Net.
2:46 of 3rd period - Snap shot by Dany Roussin.
2:46 of 3rd period - Shot Misses the Net.
3:07 of 3rd period - Snap shot by David Clarkson.
3:07 of 3rd period - Shot Blocked by Sasha Pokulok.
3:09 of 3rd period - Slapshot by Brett Festerling.
3:09 of 3rd period - Shot Misses the Net.
3:23 of 3rd period - Lane MacDermid is hit by Jay Beagle and loses puck.
3:37 of 3rd period - Icing by Peter Andersson.
3:38 of 3rd period - Evgeny Kuznetsov wins face-off versus Tyler Graovac in Thunder zone.
3:38 of 3rd period - Evgeny Kuznetsov is hit by Mat Clark.
3:49 of 3rd period - Slapshot by Peter Andersson.
3:49 of 3rd period - Stopped by Chad Johnson without a rebound.
3:50 of 3rd period - Zack Smith wins face-off versus Brian Boyle in Carnivores zone.
3:50 of 3rd period - Zack Smith is hit by Dany Roussin.
4:06 of 3rd period - Wrist shot by Brendan Gallagher.
4:06 of 3rd period - Stopped by Devan Dubnyk without a rebound.
4:07 of 3rd period - Anton Gustafsson wins face-off versus Tom Pyatt in Thunder zone.
4:25 of 3rd period - Tom Pyatt is hit by Mat Clark and loses puck.
4:56 of 3rd period - Minor Penalty to Brett Festerling for Hooking.
4:57 of 3rd period - Blake Geoffrion wins face-off versus Brian Boyle in Thunder zone.
4:58 of 3rd period - Slapshot by Phil Oreskovic.
4:58 of 3rd period - Goal by Phil Oreskovic - Carnivores : 6 - Thunder : 3.
4:59 of 3rd period - Brian Boyle wins face-off versus Zack Smith in neutral zone.
5:04 of 3rd period - Brendan Gallagher is hit by Pierre-Alexandre Parenteau and loses puck.
5:26 of 3rd period - Anton Gustafsson is hit by Magnus Paajarvi-Svensson and loses puck.
5:46 of 3rd period - Off-side.
5:47 of 3rd period - Daultan Leveillé wins face-off versus Markus Granlund in neutral zone.
5:50 of 3rd period - Wrist shot by Daultan Leveillé.
5:50 of 3rd period - Stopped by Chad Johnson without a rebound.
5:51 of 3rd period - Daultan Leveillé wins face-off versus Lane MacDermid in Carnivores zone.
5:52 of 3rd period - Snap shot by David Clarkson.
5:52 of 3rd period - Shot Misses the Net.
6:38 of 3rd period - Snap shot by Colton Orr.
6:38 of 3rd period - Shot Misses the Net.
6:40 of 3rd period - Snap shot by Nate Schmidt.
6:40 of 3rd period - Deflect By Lane MacDermid.
6:40 of 3rd period - Shot Misses the Net.
6:40 of 3rd period - Puck is out of play.
6:41 of 3rd period - Zack Smith wins face-off versus Brian Boyle in Thunder zone.
8:15 of 3rd period - Slapshot by Brett Festerling.
8:15 of 3rd period - Shot Misses the Net.
8:59 of 3rd period - Off-side.
9:00 of 3rd period - Daultan Leveillé wins face-off versus Tyler Graovac in neutral zone.
9:31 of 3rd period - Wrist shot by Daultan Leveillé.
9:31 of 3rd period - Stopped by Chad Johnson with a rebound.
9:45 of 3rd period - Snap shot by David Wolf.
9:45 of 3rd period - Stopped by Chad Johnson without a rebound.
9:46 of 3rd period - Anton Gustafsson wins face-off versus Brian Boyle in Carnivores zone.
10:36 of 3rd period - Snap shot by Brendan Gallagher.
10:36 of 3rd period - Shot Blocked by Peter Andersson.
10:38 of 3rd period - Slapshot by Phil Oreskovic.
10:38 of 3rd period - Shot Blocked by Peter Andersson.
10:40 of 3rd period - Snap shot by Brendan Gallagher.
10:40 of 3rd period - Stopped by Devan Dubnyk without a rebound.
10:41 of 3rd period - Brian Boyle wins face-off versus Anton Gustafsson in Thunder zone.
10:41 of 3rd period - Brian Boyle is hit by Chris Lawrence.
11:44 of 3rd period - Snap shot by Brendan Gallagher.
11:44 of 3rd period - Stopped by Devan Dubnyk with a rebound.
11:46 of 3rd period - Snap shot by Zack Smith.
11:46 of 3rd period - Shot Misses the Net.
11:48 of 3rd period - Snap shot by Blake Geoffrion.
11:48 of 3rd period - Stopped by Devan Dubnyk with a rebound.
11:50 of 3rd period - Wrist shot by Blake Geoffrion.
11:50 of 3rd period - Stopped by Devan Dubnyk with a rebound.
11:52 of 3rd period - Snap shot by Blake Geoffrion.
11:52 of 3rd period - Stopped by Devan Dubnyk with a rebound.
11:56 of 3rd period - Slapshot by Brendan Gallagher.
11:56 of 3rd period - Stopped by Devan Dubnyk without a rebound.
11:57 of 3rd period - Brian Boyle wins face-off versus Anton Gustafsson in Thunder zone.
11:57 of 3rd period - Brian Boyle is hit by Jeremy Welsh.
12:33 of 3rd period - Snap shot by Colton Orr.
12:33 of 3rd period - Stopped by Devan Dubnyk with a rebound.
12:59 of 3rd period - Double Minor Penalty to Casey Pierro-Zabotel for Roughing.
13:00 of 3rd period - Zack Smith wins face-off versus Pierre-Alexandre Parenteau in Thunder zone.
13:13 of 3rd period - Brian Boyle is hit by Blake Geoffrion.
13:25 of 3rd period - Nate Schmidt is hit by Brian Boyle and loses puck.
13:36 of 3rd period - Snap shot by Blake Geoffrion.
13:36 of 3rd period - Deflect By Brendan Gallagher.
13:36 of 3rd period - Shot Hit the Post.
13:36 of 3rd period - Puck is out of play.
13:37 of 3rd period - Anton Gustafsson wins face-off versus Dany Roussin in Thunder zone.
15:04 of 3rd period - Joey Ryan is hit by Markus Granlund and loses puck.
15:43 of 3rd period - Blake Geoffrion is hit by David Fischer and loses puck.
15:58 of 3rd period - Josh Manson is hit by Chris Lawrence and loses puck.
16:59 of 3rd period - Penalty to Casey Pierro-Zabotel is over, Casey Pierro-Zabotel is back on ice.
17:15 of 3rd period - Tom Pyatt is hit by Sasha Pokulok and loses puck.
17:44 of 3rd period - Minor Penalty to Evgeny Kuznetsov for High sticking.
17:45 of 3rd period - Zack Smith wins face-off versus Brian Boyle in Thunder zone.
17:52 of 3rd period - Slapshot by Blake Geoffrion.
17:52 of 3rd period - Stopped by Devan Dubnyk with a rebound.
17:54 of 3rd period - Wrist shot by Brendan Gallagher.
17:54 of 3rd period - Shot Blocked by Peter Andersson.
17:56 of 3rd period - Wrist shot by Blake Geoffrion.
17:56 of 3rd period - Shot Misses the Net.
18:14 of 3rd period - Wrist shot by Nate Schmidt.
18:14 of 3rd period - Goal by Nate Schmidt - Carnivores : 7 - Thunder : 3.
18:15 of 3rd period - Zack Smith wins face-off versus Tom Pyatt in neutral zone.
19:03 of 3rd period - Snap shot by Colton Orr.
19:03 of 3rd period - Shot Misses the Net.
19:05 of 3rd period - Wrist shot by Nate Schmidt.
19:05 of 3rd period - Shot Misses the Net.
19:07 of 3rd period - Slapshot by Nate Schmidt.
19:07 of 3rd period - Deflect By David Clarkson.
19:07 of 3rd period - Stopped by Devan Dubnyk with a rebound.
19:09 of 3rd period - Slapshot by Nate Schmidt.
19:09 of 3rd period - Shot Blocked by David Wolf.
19:11 of 3rd period - Slapshot by Markus Granlund.
19:11 of 3rd period - Shot Misses the Net.
19:13 of 3rd period - Wrist shot by Markus Granlund.
19:13 of 3rd period - Shot Blocked by Joey Ryan.
19:43 of 3rd period - Josh Manson is hit by Zack Smith and loses puck.
Goals for this period are 2 for Carnivores vs 0 for Thunder.
Shots for this period are 16 for Carnivores vs 4 for Thunder.
Back to the Top